 Dungeon Crawl Stone Soup version 0.22-a0-307-g2b15929 (webtiles) character file.

1371 xccam the Cleaver (level 8, 0/87 HPs)
             Began as a Formicid Fighter on Apr 1, 2018.
             Succumbed to a water moccasin's poison
             ... on level 6 of the Dungeon.
             The game lasted 00:09:17 (4520 turns).

xccam the Cleaver (Formicid Fighter)                Turns: 4520, Time: 00:09:18

Health: 0/87       AC: 24    Str: 20 (22) XL:     8   Next: 97%
Magic:  8/8        EV:  2    Int:  8 (9)  God:
Gold:   240        SH:  9    Dex:  7 (10) Spells: 7/7 levels left

rFire    . . .     SeeInvis .   r - +1 war axe (elec)
rCold    . . .     Gourm    .   c - +0 shield
rNeg     + + +     Faith    .   (armour currently unavailable)
rPois    +         Spirit   .   (helmet unavailable)
rElec    .         Reflect  .   (cloak currently unavailable)
rCorr    .         Harm     .   (gloves currently unavailable)
MR       .....                  (boots currently unavailable)
Stlth    +.........             (no amulet)
HPRegen  0.24/turn              (no ring)
MPRegen  0.11/turn              (no ring)

@: lethally poisoned (0 -> -9), tree-form
A: permanent stasis, dig shafts and tunnels, four strong arms
a: no special abilities


You were on level 6 of the Dungeon.
You were not hungry.
You were a tree.
You visited 2 branches of the dungeon, and saw 7 of its levels.

You collected 240 gold pieces.

Inventory:

Hand Weapons
 r - a +1 war axe of electrocution (weapon)
Armour
 c - a +0 shield (worn)
 d - a +0 plate armour
 g - a cursed +0 ring mail (melded)
 o - a +0 pair of boots (melded)
Jewellery
 n - an uncursed amulet of the acrobat {unknown}
Wands
 m - a wand of disintegration (17)
Scrolls
 a - a scroll of blinking {unknown}
 b - a scroll of magic mapping {unknown}
 e - 9 scrolls of identify {unknown}
 i - a scroll of enchant armour {unknown}
 k - 4 scrolls of teleportation {unknown}
 l - 2 scrolls of amnesia {unknown}
 q - a scroll of fog {unknown}
Potions
 h - a potion of lignification
 j - 3 potions of flight
 s - a potion of agility {unknown}
Comestibles
 f - 12 rations
 t - a chunk of flesh


   Skills:
 - Level 3.2 Fighting
 - Level 10.0 Axes
 - Level 3.2 Armour
 + Level 5.3 Shields


You had 7 spell levels left.
You didn't know any spells.

Dungeon Overview and Level Annotations

Branches:
Dungeon (6/15)             Temple (1/1) D:5

Altars:
Dithmenos
Gozag
Hepliaklqana
Makhleb
Nemelex Xobeh
Okawaru
Qazlal
Ru
Sif Muna
Trog
Vehumet
Xom
Yredelemnul
Zin
The Shining One


Innate Abilities, Weirdness & Mutations

You cannot be hasted, slowed, berserked, paralysed or teleported.
You can dig through walls and to a lower floor.
Your four strong arms can wield two-handed weapons with a shield.
((You have a pair of large antennae on your head. (SInv)))


Message History

* * * LOW HITPOINT WARNING * * *
You barely miss the orc priest.
The orc priest is moderately wounded.
You closely miss the water moccasin. The water moccasin closely misses you.
The water moccasin bites you.
* * * LOW HITPOINT WARNING * * *
You are lethally poisoned!
The water moccasin poisons you! You block the orc priest's attack.
Okay, then.
Unknown command.
It was a potion of degeneration.
There was something very wrong with that liquid.
You feel weakened.
You feel dopey.
You feel clumsy.
* * * LOW HITPOINT WARNING * * *
You feel sick. The water moccasin closely misses you.
You turn into a tree.
Your +0 pair of boots melds into your body.
Your cursed +0 ring mail melds into your body.
Your roots penetrate the ground.
You die...

#.........# ##......##.#
### #..>....# ....
###.......####..#
###.....####.....### ##
#...###.# #.#.....#
#.....#.# #... #........
#.#####.# ###..#).......
#.# #.# #.†♣S...... #.#
###†####...o........ #.#
#........#.#........
#.###.....###..#.......(
..)†...#.## #.##........
...##....# #. ##.......
......#.## .. #.....#
...###..# .. ######
##.......#


You could see a water moccasin and an orc priest.

Vanquished Creatures
  Pikel (D:5)
  The ghost of xccam the Cleaver, a novice FoFi (D:5)
  A sky beast (D:5)
  A bullfrog (D:6)
  A scorpion (D:4)
  A crimson imp (D:5)
  A howler monkey (D:6)
  A centaur zombie (D:6)
  2 jellies
  An orc priest (D:6)
  2 worker ants
  6 adders
  2 oozes
  An adder skeleton (D:4)
  2 worms
  3 dart slugs
  5 leopard geckos
  14 orcs
  5 ball pythons
  7 bats
  7 giant cockroaches
  7 hobgoblins
  9 jackals
  2 quokkas
  4 frilled lizards
  7 goblins
  4 kobolds
  A leopard gecko zombie (D:6)
  6 rats
105 creatures vanquished.

Notes
Turn   | Place    | Note
-------+----------+-------------------------------------------
     0 | D:1      | xccam the Formicid Fighter began the quest for the Orb.
     0 | D:1      | Reached XP level 1. HP: 18/18 MP: 1/1
    69 | D:1      | Reached XP level 2. HP: 24/24 MP: 2/2
   164 | D:1      | Reached skill level 3 in Axes
   381 | D:1      | Reached XP level 3. HP: 29/29 MP: 3/3
  1110 | D:2      | Found a basalt altar of Yredelemnul.
  1115 | D:2      | Found a glowing golden altar of the Shining One.
  1119 | D:2      | Noticed a profane servitor
  1310 | D:2      | Noticed an angel
  1435 | D:3      | Reached skill level 4 in Axes
  1435 | D:3      | Reached XP level 4. HP: 33/35 MP: 4/4
  2203 | D:3      | Reached XP level 5. HP: 35/41 MP: 5/5
  2318 | D:4      | Reached skill level 5 in Axes
  2373 | D:4      | You fall through a shaft!
  2373 | D:5      | Entered Level 5 of the Dungeon
  2373 | D:5      | Found a radiant altar of Vehumet.
  2477 | D:4      | Reached XP level 6. HP: 46/47 MP: 6/6
  2588 | D:4      | Reached skill level 6 in Axes
  2888 | D:4      | Found a bloodstained altar of Trog.
  3126 | D:5      | Noticed xccam's ghost (novice FoFi)
  3132 | D:5      | Killed xccam's ghost
  3132 | D:5      | Reached skill level 7 in Axes
  3132 | D:5      | Reached XP level 7. HP: 42/52 MP: 7/7
  3172 | D:5      | Reached skill level 8 in Axes
  3200 | D:5      | Found a staircase to the Ecumenical Temple.
  3209 | Temple   | Entered the Ecumenical Temple
  3785 | D:5      | Noticed Pikel
  3802 | D:5      | Killed Pikel
  3802 | D:5      | Reached skill level 9 in Axes
  3802 | D:5      | Reached XP level 8. HP: 19/58 MP: 8/8
  4268 | D:5      | Reached skill level 10 in Axes
  4486 | D:6      | Reached skill level 5 in Shields
  4519 | D:6      | HP: 1/58 [poisoned by a water moccasin]
  4520 | D:6      | Succumbed to a water moccasin's poison

Vault maps used:
D:1:      minmay_arrival_stair_chambers, minmay_misc_feat_square, minmay_tall_x
D:2:      grunt_temple_overflow_holy_war, elyvilon_altar_4, grunt_ministairs_14
D:4:      first_ration, trog_hazing_becter
D:5:      minmay_temple_entry_statues, basic_altar, uniq_pikel
Temple:   minmay_temple_forest_path

Skill      XL: |  1  2  3  4  5  6  7  8 |
---------------+-------------------------+-----
Axes           | 3 4 5 7 9 10 | 10.0
Shields        | 5 |  5.3
Fighting       | |  3.2
Armour         | |  3.2

Action                   |  1- 3 |  4- 6 |  7- 9 || total
-------------------------+-------+-------+-------++-------
Melee: War axe           |   123 |   175 |    64 ||   362
  Use: Potion            |     4 |     1 |     4 ||     9
  Eat: Chunk             |     2 |     6 |     1 ||     9
       Ration            |       |       |     1 ||     1
Armor: Scale mail        |    73 |       |       ||    73
       Ring mail         |     1 |    61 |    16 ||    78
       Skin              |       |       |     9 ||     9
Dodge: Dodged            |    50 |    53 |    20 ||   123
Block: Shield            |    75 |    96 |    39 ||   210

Table legend:
 A = Spawn XP
 B = Non-spawn XP
 C = Spawn XP percentage of total XP
 D = Spawn monster count
 E = Non-spawn monster count
 F = Spawn count percentage of total count
 G = Total turns spent on level
                    A         B        C        D         E        F      G
               +---------+---------+-------+---------+---------+-------+---------
         Total |       0 |    1959 |   0.0 |       0 |     105 |   0.0 |  4520
               +---------+---------+-------+---------+---------+-------+---------
           D:1 |       0 |      39 |   0.0 |       0 |      25 |   0.0 |   795
           D:2 |       0 |      22 |   0.0 |       0 |       5 |   0.0 |   568
           D:3 |       0 |      79 |   0.0 |       0 |      28 |   0.0 |   898
           D:4 |       0 |     190 |   0.0 |       0 |      21 |   0.0 |   640
           D:5 |       0 |    1354 |   0.0 |       0 |      15 |   0.0 |  1032
           D:6 |       0 |     275 |   0.0 |       0 |      11 |   0.0 |   231
               +---------+---------+-------+---------+---------+-------+---------
